 Dungeon Crawl Stone Soup version 0.20.1-1-g8b1a95d (webtiles) character file.

65 KoningWillie the Poker (level 3, -1/31 HPs)
             Began as a Troll Wanderer on Oct 10, 2017.
             Slain by Robin
             ... wielding a +2 mace of protection
              (4 damage)
             ... on level 2 of the Dungeon.
             The game lasted 00:03:51 (948 turns).

KoningWillie the Poker (Troll Wanderer)              Turns: 948, Time: 00:03:52

Health: -1/31      AC:  5    Str: 20    XL:     3   Next: 94%
Magic:  2/2        EV: 10    Int:  9    God:
Gold:   63         SH:  0    Dex:  9    Spells: 2/2 levels left

rFire    . . .     SeeInvis .   d - +0 spear
rCold    . . .     Gourm    +   (no shield)
rNeg     . . .     Faith    .   e - +0 robe
rPois    .         Spirit   .   (helmet restricted)
rElec    .         Reflect  .   (no cloak)
rCorr    .         Harm     .   (gloves unavailable)
MR       .....                  (boots unavailable)
Stlth    ++........             (no amulet)
Regen    0.5/turn               (no ring)
MPRegen  0.1/turn               (no ring)

@: no status effects
A: unfitting armour, claws 3, fast metabolism 3, gourmand, regeneration 1,
shaggy fur 1, tough skin 2
a: no special abilities


You were on level 2 of the Dungeon.
You were not hungry.

You visited 1 branch of the dungeon, and saw 2 of its levels.

You collected 63 gold pieces.

Inventory:

Hand Weapons
 b - a +2 blowgun
 d - a +0 spear (weapon)
 f - a +0 dagger
 o - a cursed +0 spear
Missiles
 a - 4 curare-tipped needles
 i - 20 poisoned needles
Armour
 e - a +0 robe (worn)
 m - a +0 pair of gloves
Jewellery
 n - an uncursed ring of protection from cold {unknown}
Potions
 c - a potion of lignification
 l - a potion of haste {unknown}


   Skills:
 + Level 0.2 Fighting
 + Level 3.2 Polearms
 + Level 1.0 Throwing
 + Level 1.4 Dodging
 * Level 1.5 Stealth
   Level 1.0 Hexes
   Level 1.3 Summonings


You had 2 spell levels left.
You didn't know any spells.

Dungeon Overview and Level Annotations

Branches:
Dungeon (2/15)

Altars:

Annotations:
D:2 Robin


Innate Abilities, Weirdness & Mutations

You are too large for most types of armour.
You have claws for hands.
Your metabolism is lightning-fast.
You like to eat raw meat.
Your natural rate of healing is unusually fast.
You are covered in fur. (AC +1)
You have very tough skin. (AC +2)


Message History

The goblin closely misses you.
You completely miss Robin.
Robin is severely wounded.
The goblin barely misses you.
Robin roars a battlecry!
The goblin goes into a battle-frenzy!
Okay, then.
You barely miss Robin.
Robin is severely wounded.
The goblin hits you with a dagger.
* * * LOW HITPOINT WARNING * * *
Robin hits you but does no damage.
You completely miss Robin.
Robin is severely wounded.
The goblin hits you with a dagger.
* * * LOW HITPOINT WARNING * * *
You hit Robin but do no damage.
Robin is severely wounded.
Robin hits you with a mace of protection.
You die...

### #.# ##.# #.#
#..######## #.#
#.......).# #.#
#...#####.# #.# .
....# #(# #.# ...
....#
#(#####.####.....
#.###
#.#....g@ggg.....
..#
##(#.#######K##...
##### #..#.# #
)...# ##.##.#
###.###...#.#
###.....#...#
.######...###
.#### ##.## ....#
#.#


You could see Robin, a hobgoblin, 2 goblins and a kobold.

Vanquished Creatures
  2 adders (D:2)
  A worm (D:2)
  4 giant cockroaches
  14 goblins
  2 hobgoblins
  2 jackals (D:2)
  6 bats
  2 frilled lizards
  6 kobolds
  3 rats (D:1)
42 creatures vanquished.

Notes
Turn   | Place    | Note
-------+----------+-------------------------------------------
     0 | D:1      | KoningWillie the Troll Wanderer began the quest for the Orb.
     0 | D:1      | KoningWillie set off with: 4 curare-tipped needles, a +2 blowgun, a potion of lignification, a +0 spear, a +0 robe, a +0 dagger, 2 bread rations
     0 | D:1      | Reached XP level 1. HP: 16/16 MP: 0/0
   276 | D:1      | Reached XP level 2. HP: 23/24 MP: 1/1
   398 | D:1      | Reached skill level 3 in Polearms
   577 | D:1      | You fall through a shaft!
   628 | D:2      | Reached XP level 3. HP: 31/31 MP: 2/2
   923 | D:2      | Noticed Robin
   948 | D:2      | Slain by Robin

Skill      XL: |  1  2 |
---------------+-------+-----
Polearms       | 3 |  3.2
Fighting       | |  0.2
Throwing       | |  1.0
Dodging        | |  1.4
Stealth        | |  1.5
Hexes          | |  1.0
Summonings     | |  1.3

Action                   || total
-------------------------++-------
Melee: Spear             ||   143
 Fire: Blowgun           ||     6
  Use: Scroll            ||     3
 Stab: Sleeping          ||     3
  Eat: Bread ration      ||     2
Armor: Robe              ||    67
Dodge: Dodged            ||    80
